 Dungeon Crawl Stone Soup version 0.23.2 (webtiles) character file.

Game seed: 426131540126418301

38 Moltybleed the Firebug (level 3, -2/19 HPs)
             Began as a Deep Elf Fire Elementalist on Apr 1, 2019.
             Slain by a worker ant (6 damage)
             ... on level 2 of the Dungeon.
             The game lasted 00:08:37 (1742 turns).

Moltybleed the Firebug (Deep Elf Fire Elementalist) Turns: 1742, Time: 00:08:38

Health: -2/19      AC:  2    Str:  5    XL:     3   Next: 25%
Magic:  1/9        EV: 13    Int: 20    God:
Gold:   102        SH:  0    Dex: 15    Spells: 5/8 levels left

rFire    . . .     SeeInvis .   h - +0 dagger
rCold    . . .     Gourm    .   (no shield)
rNeg     . . .     Faith    .   a - +0 robe
rPois    .         Spirit   .   (no helmet)
rElec    .         Reflect  .   (no cloak)
rCorr    .         Harm     .   (no gloves)
MR       .....                  (no boots)
Stlth    ++........             (no amulet)
HPRegen  0.06/turn              (no ring)
MPRegen  0.11/turn              (no ring)

@: very slightly contaminated
A: no striking features
a: no special abilities


You were on level 2 of the Dungeon.
You were hungry.

You visited 1 branch of the dungeon, and saw 2 of its levels.

You collected 102 gold pieces.

Inventory:

Hand Weapons
 h - a +0 dagger (weapon)
Armour
 a - a +0 robe (worn)
Scrolls
 b - a scroll of immolation {unknown}
 d - 5 scrolls of identify {unknown}
 e - a scroll of enchant weapon {unknown}
 j - a scroll of magic mapping {unknown}
 k - 2 scrolls of random uselessness {unknown}
Potions
 f - 2 potions of heal wounds {unknown}
 g - 2 potions of magic {unknown}
Comestibles
 c - 2 rations
 i - a chunk of flesh


   Skills:
 - Level 2.9 Dodging
 * Level 2.7 Stealth
 + Level 3.4 Spellcasting
 * Level 1.5 Conjurations
 + Level 4.0 Fire Magic


You had 5 spell levels left.
You knew the following spells:

 Your Spells              Type           Power        Failure   Level  Hunger
a - Flame Tongue          Conj/Fire      ##...        4%          1    None
b - Throw Flame           Conj/Fire      ##....       7%          2    ##.....

Your spell library contained the following spells:

 Spells                   Type           Power        Failure   Level  Hunger
 Conjure Flame            Conj/Fire      ##......     13%         3    ###....
 Inner Flame              Hex/Fire       ##......     19%         3    ###....
 Sticky Flame             Conj/Fire      ##......     41%         4    ####...
 Fireball                 Conj/Fire      ##........   77%         5    ######.


Dungeon Overview and Level Annotations

Branches:
Dungeon (2/15)

Altars:


Message History

The worker ant misses you. The goblin closely misses you.
A hobgoblin comes into view. It is wielding a +0 club.
You closely miss the worker ant.
The worker ant is severely wounded.
The worker ant bites you but does no damage.
The goblin hits you but does no damage.
You closely miss the worker ant.
The worker ant is severely wounded.
The hobgoblin shouts!
The worker ant closely misses you. The goblin closely misses you.
The worker ant closely misses you.
You barely miss the worker ant.
The worker ant is severely wounded.
The goblin closely misses you. The worker ant misses you.
You hit the worker ant but do no damage.
The worker ant is severely wounded.
The goblin hits you with a +0 dagger.
* * * LOW HITPOINT WARNING * * *
The worker ant bites you.
You die...

#.........##..#
#.#.#.###..##.###
#.##...#(...#
#.##.#...#..#
#.##.##.##..#
#.##.##.##..#
#.##.##..[..#
######.##.######.#
#gg@a..##.# #.#
#.#######.# #.# ..
####.# #.# ...
.####....# #.# ...
......#..# #.# ..
.#.##....# #.# . .
##.#.# #.# . #.#.#
#.# #. #.#.# #.#


You could see a worker ant, a hobgoblin and a goblin.

Vanquished Creatures
  A worm (D:2)
  A dart slug (D:1)
  A leopard gecko (D:1)
  A ball python (D:1)
  A giant cockroach (D:1)
  3 goblins
  5 hobgoblins (D:1)
  2 jackals (D:1)
  3 kobolds
  3 bats
  3 frilled lizards (D:1)
  7 rats
31 creatures vanquished.

Notes
Turn   | Place    | Note
-------+----------+-------------------------------------------
     0 | D:1      | Moltybleed the Deep Elf Fire Elementalist began the quest
                  | for the Orb.
     0 | D:1      | Reached XP level 1. HP: 10/10 MP: 6/6
   195 | D:1      | Reached XP level 2. HP: 13/15 MP: 5/8
  1289 | D:1      | Reached XP level 3. HP: 19/19 MP: 7/9
  1558 | D:2      | Reached skill level 4 in Fire Magic
  1661 | D:2      | Learned a level 2 spell: Throw Flame
  1742 | D:2      | Slain by a worker ant

Skill      XL: |  1  2  3 |
---------------+----------+-----
Fire Magic     | 4 |  4.0
Dodging        | |  2.9
Stealth        | |  2.7
Spellcasting   | |  3.4
Conjurations   | |  1.5

Action                   || total
-------------------------++-------
Melee: Dagger            ||     8
 Cast: Flame Tongue      ||    60
       Throw Flame       ||     5
  Eat: Chunk             ||     2
Armor: Robe              ||     4
Dodge: Dodged            ||    27
